 Dungeon Crawl Stone Soup version 0.22.0-40-g68aacdc4c8 (webtiles) character file.

795 AlolanVulpixel the Poker (level 7, 0/61 HPs)
             Began as a Yellow Draconian Chaos Knight on Aug 31, 2018.
             Slain by a gnoll sergeant
             ... wielding a cursed -2 spear
              (3 damage)
             ... on level 5 of the Dungeon.
             The game lasted 00:17:02 (3396 turns).

AlolanVulpixel the Poker (DrCK)                     Turns: 3396, Time: 00:17:03

Health: 0/61       AC: 10    Str: 15    XL:     7   Next: 58%
Magic:  7/7        EV: 13    Int: 12    God:    Xom [..*...]
Gold:   54         SH:  0    Dex: 12    Spells: 6/6 levels left

rFire    . . .     SeeInvis .   a - +0 spear (chaos)
rCold    . . .     Gourm    .   (no shield)
rNeg     . . .     Faith    .   (armour unavailable)
rPois    +         Spirit   .   (helmet restricted)
rElec    .         Reflect  .   (no cloak)
rCorr    +         Harm     .   (no gloves)
MR       .....     Clarity  +   (no boots)
Stlth    ++........             (no amulet)
HPRegen  0.20/turn              p - ring of poison resistance
MPRegen  0.10/turn              x - +3 ring of protection

@: no status effects
A: spit acid, acid resistance, unfitting armour, fangs 1, clarity, shaggy fur 1,
evolution 1, cold-blooded, AC +6
a: Breathe Acid, Renounce Religion


You were on level 5 of the Dungeon.
You worshipped Xom.
You were a toy of Xom.
You were not hungry.

You visited 2 branches of the dungeon, and saw 6 of its levels.

You collected 158 gold pieces.
You spent 104 gold pieces at shops.

Inventory:

Hand Weapons
 a - a +0 spear of chaos (weapon)
 m - a +3 whip
 v - a +0 morningstar
 z - a cursed -2 spear
 D - a +2 hand axe of venom
Missiles
 f - 134 stones (quivered)
 g - 60 arrows
 l - 15 poisoned needles
 n - 36 sling bullets
 B - 24 bolts
Jewellery
 p - a ring of poison resistance (left hand)
 x - a +3 ring of protection (right hand)
Wands
 y - a wand of enslavement (6)
 C - a wand of flame (24)
Scrolls
 c - 2 scrolls of remove curse {unknown}
 d - a scroll of fog {unknown}
 h - 3 scrolls of teleportation
 o - a scroll of enchant armour {unknown}
 s - 2 scrolls of blinking {unknown}
 u - a scroll of fear {unknown}
Potions
 e - a potion of magic
 i - 2 potions of degeneration
 j - a potion of ambrosia {unknown}
 k - 3 potions of brilliance
 q - a potion of curing
 r - 2 potions of might
 t - a potion of lignification
 w - 2 potions of agility
 A - a potion of flight {unknown}
Comestibles
 b - 4 rations


   Skills:
 + Level 5.2 Fighting
 + Level 6.6 Polearms
 + Level 3.6 Dodging
 + Level 3.3 Stealth


You had 6 spell levels left.
You didn't know any spells.
Your spell library contained the following spells:

 Spells                   Type           Power        Failure   Level  Hunger
 Confusing Touch          Hex            #.....       32%         1    ##.....
 Confuse                  Hex            #.......     69%         3    ####...
 Gell's Gravitas          Tloc           #.........   69%         3    ####...
 Petrify                  Tmut/Erth      #.......     97%         4    #####..
 Metabolic Englaciation   Hex/Ice        #.........   100%        5    ######.
 Yara's Violent Unravell  Hex/Tmut       #.........   100%        5    ######.


Dungeon Overview and Level Annotations

Branches:
Dungeon (5/15)             Temple (1/1) D:4

Altars:
Ashenzari
Cheibriados
Elyvilon
Gozag
Hepliaklqana
Kikubaaqudgha
Makhleb
Nemelex Xobeh
Okawaru
Ru
Sif Muna
Trog
Uskayaw
Vehumet
Xom
Yredelemnul
Zin
The Shining One

Shops:
D:4 *


Innate Abilities, Weirdness & Mutations

You can spit globs of acid.
You are resistant to acid.
Your golden yellow scales are hard. (AC +6)
You cannot fit into any form of body armour.
You are cold-blooded and may be slowed by cold attacks.
You have very sharp teeth.
You possess an exceptional clarity of mind.
You are covered in fur. (AC +1)
You evolve.


Message History

The worker ant zombie is almost destroyed.
The worker ant zombie bites you but does no damage.
Something hits you.
* * * LOW HITPOINT WARNING * * *
You hit the worker ant zombie but do no damage.
Your tail-slap misses the worker ant zombie.
The worker ant zombie is almost destroyed.
The worker ant zombie barely misses you.
Something hits you!
* * * LOW HITPOINT WARNING * * *
You completely miss the worker ant zombie.
You tail-slap the worker ant zombie, but do no damage.
The worker ant zombie is almost destroyed.
The worker ant zombie closely misses you.
You hit the worker ant zombie but do no damage.
Your tail-slap misses the worker ant zombie.
You bite the worker ant zombie.
You destroy the worker ant zombie!
Something hits you.
You die...

#######.# .#.#.#. ### #.#..
........# ...g... #.. ...#
###.....# .#.#.#Z #.# ...
#.###.# ..g..g. #.# ... #.#
#.. .#g#g #.# #.# #.###.#
.g.##.# #.###+## #.#....
#.#..####.##...## #.#.#.#
#...gg{.@.#.....###.#.#.#
###.######.......##.#.#.#
###...####.........#......
.....(..)(...<.)...'......
.........#.........#......
#.###.###.##(......##.#.#.#
#. ...# #.###.....###...# #
#..#### #.# ##...## #...# .
..# ##'## #...#


You could see 2 gnolls.

Vanquished Creatures
  An ogre (D:4)
  2 phantoms (D:4)
  A scorpion (D:4)
  A crimson imp (D:5)
  A bullfrog skeleton (D:4)
  2 hounds (D:4)
  2 orc wizards
  A worker ant (D:4)
  2 hound skeletons
  4 gnolls
  A worker ant zombie (D:5)
  11 adders
  2 oozes (D:1)
  2 worms
  4 dart slugs
  3 leopard geckos (D:2)
  7 orcs
  A ball python (D:1)
  4 bats
  4 giant cockroaches
  10 goblins
  6 hobgoblins
  3 jackals (D:2)
  2 quokkas
  A frilled lizard (D:4)
  6 kobolds
  9 rats
93 creatures vanquished.

Vanquished Creatures (collateral kills)
  An orc wizard (D:3)
  4 orcs (D:3)
  A quokka (D:3)
  A bat (D:3)
  A kobold (D:3)
8 creatures vanquished.

Grand Total: 101 creatures vanquished

Notes
Turn   | Place    | Note
-------+----------+-------------------------------------------
     0 | D:1      | AlolanVulpixel the Draconian Chaos Knight began the quest for the Orb.
     0 | D:1      | Reached XP level 1. HP: 19/19 MP: 1/1
   146 | D:1      | Reached XP level 2. HP: 26/26 MP: 2/2
   384 | D:1      | Reached XP level 3. HP: 21/33 MP: 3/3
   468 | D:2      | XOM: polymorph giant cockroach -> gnoll
   541 | D:2      | XOM: divination: magic mapping
   546 | D:2      | Reached skill level 4 in Polearms
   650 | D:2      | Reached XP level 4. HP: 25/40 MP: 4/4
   764 | D:2      | Found an ancient bone altar of Kikubaaqudgha.
   838 | D:2      | Found a hazy altar of Hepliaklqana.
   853 | D:2      | XOM: scenery: create altars
   884 | D:2      | Found a shimmering altar of Xom.
   893 | D:2      | Found a bloodstained altar of Trog.
   894 | D:2      | Found a snail-covered altar of Cheibriados.
  1316 | D:3      | XOM: summons 2 friendly demons
  1333 | D:3      | XOM: fake destruction
  1335 | D:3      | XOM: fake destruction
  1341 | D:3      | XOM: summons 2 friendly demons
  1346 | D:3      | Reached XP level 5. HP: 31/46 MP: 5/5
  1450 | D:3      | XOM: god gift: morningstar {god gift}
  1507 | D:3      | Reached skill level 5 in Polearms
  1507 | D:3      | Reached skill level 1 in Stealth
  1544 | D:3      | XOM: give mutations
  1544 | D:3      | Gained mutation: You are covered in fur. (AC +1) [Xom's grace]
  1544 | D:3      | Gained mutation: You have very sharp teeth. [Xom's grace]
  1544 | D:3      | Gained mutation: You evolve. [Xom's grace]
  1544 | D:3      | Gained mutation: You possess an exceptional clarity of mind. [Xom's grace]
  1769 | D:3      | XOM: fog
  1970 | D:3      | XOM: god gift: scroll of teleportation
  2053 | D:4      | XOM: scenery: create altars
  2060 | D:4      | Reached XP level 6. HP: 50/53 MP: 6/6
  2192 | D:4      | XOM: 1-stop teleportation journey
  2237 | D:4      | Found Vooxayl's General Store.
  2237 | D:4      | XOM: 6-stop teleportation journey
  2298 | D:4      | Reached skill level 6 in Polearms
  2313 | D:4      | Found a staircase to the Ecumenical Temple.
  2319 | Temple   | Entered the Ecumenical Temple
  2479 | D:4      | Your scales start taking on a golden yellow colour.
  2479 | D:4      | Reached XP level 7. HP: 53/60 MP: 7/7
  2518 | D:4      | Bought a wand of enslavement (6) for 104 gold pieces
  2708 | D:4      | Reached skill level 5 in Fighting
  3267 | D:5      | XOM: noise
  3267 | D:5      | Entered Level 5 of the Dungeon
  3305 | D:5      | XOM: 7-stop teleportation journey
  3380 | D:5      | XOM: noise
  3392 | D:5      | HP: 2/61 [something (7)]
  3396 | D:5      | Slain by a gnoll sergeant

Skill      XL: |  1  2  3  4  5  6  7 |
---------------+----------------------+-----
Polearms       | 4 5 6 |  6.6
Fighting       | 4 5 |  5.2
Stealth        | 1 2 3 |  3.3
Dodging        | 3 |  3.6

Action                   |  1- 3 |  4- 6 |  7- 9 || total
-------------------------+-------+-------+-------++-------
Melee: Spear             |   103 |   215 |   102 ||   420
       Tailslap          |     9 |    18 |    10 ||    37
       Bite              |       |     8 |    13 ||    21
  Use: Scroll            |     1 |       |     8 ||     9
 Stab: Sleeping          |     1 |     5 |       ||     6
       Petrifying        |       |     1 |       ||     1
       Petrified         |       |     1 |       ||     1
       Confused          |       |     2 |       ||     2
       Paralysed         |       |     1 |     3 ||     4
  Eat: Ration            |       |     2 |     1 ||     3
Armor: Skin              |    22 |    51 |    36 ||   109
Dodge: Dodged            |    59 |    86 |    53 ||   198
